 Dungeon Crawl Stone Soup version 0.29.1-1-gd02db6906a (webtiles) character file.

Game seed: 13405925709873739388

279 sanboga the Shield-Bearer (level 6, -3/39 HPs)
             Began as a Gargoyle Fighter on Sept 26, 2022.
             Slain by a wight
             ... wielding a +5 great sword
              (5 damage)
             ... on level 4 of the Dungeon on Sept 27, 2022.
             The game lasted 00:03:54 (3039 turns).

sanboga the Shield-Bearer (Gargoyle Fighter)        Turns: 3039, Time: 00:03:55

Health: -3/39      AC: 11    Str: 22    XL:     6   Next: 26%
Magic:  6/6        EV:  9    Int:  8    God:
Gold:   220        SH:  4    Dex:  9    Spells: 5/5 levels left

rFire   . . .      SeeInvis .   a - +0 war axe
rCold   . . .      Faith    .   c - +0 buckler
rNeg    + . .      Spirit   .   b - +0 scale mail
rPois   ∞          Reflect  .   (no helmet)
rElec   +          Harm     .   (no cloak)
rCorr   .          Rampage  .   (no gloves)
Will    .....                   (no boots)
Stlth   ..........              (no amulet)
HPRegen 0.13/turn               (no ring)
MPRegen 0.10/turn               (no ring)

@: no status effects
A: sickness immunity, AC +4, negative energy resistance 1, electricity
resistance, torment resistance 1, petrification resistance
a: no special abilities


You were on level 4 of the Dungeon.
You visited 2 branches of the dungeon, and saw 5 of its levels.

You collected 220 gold pieces.

Inventory:

Hand Weapons
 a - a +0 war axe (weapon)
Armour
 b - a +0 scale mail (worn)
 c - a +0 buckler (worn)
Wands
 g - a wand of paralysis (11)
Scrolls
 e - 2 scrolls of teleportation {unknown}
 f - 5 scrolls of immolation {unknown}
 h - 2 scrolls of noise {unknown}
 i - a scroll of enchant armour {unknown}
 j - a scroll of blinking {unknown}
 l - a scroll of summoning {unknown}
 n - 2 scrolls of identify {unknown}
 p - a scroll of butterflies {unknown}
Potions
 d - 2 potions of curing
 k - a potion of invisibility
 m - a potion of heal wounds {unknown}
 o - 2 potions of degeneration {unknown}


   Skills:
 + Level 4.6 Fighting
 + Level 3.2 Axes
 + Level 4.6 Armour
 + Level 4.7 Shields


You had 5 spell levels left.
You didn't know any spells.
Your spell library contained the following spells:

 Spells                   Type           Power      Damage    Failure   Level
 Beastly Appendage        Tmut           0%         N/A       80%         1
 Slow                     Hex            0%         N/A       80%         1
 Wereblood                Tmut           0%         N/A       91%         2
 Confusing Touch          Hex            0%         N/A       99%         3
 Dazzling Flash           Conj/Hex       0%         N/A       99%         3
 Spider Form              Tmut/Pois      0%         N/A       99%         3
 Vampiric Draining        Necr           0%         2d6       99%         3
 Iskenderun's Mystic Bla  Conj/Tloc      0%         2d3       100%        4
 Starburst                Conj/Fire      0%         6d3       100%        6


Dungeon Overview and Level Annotations

Branches:
Dungeon (4/15)             Temple (1/1) D:4

Altars:
Elyvilon
Fedhas
Gozag
Hepliaklqana
Kikubaaqudgha
Okawaru
Ru
Sif Muna
Uskayaw
Vehumet
Wu Jian

Shops:
D:1 =


Innate Abilities, Weirdness & Mutations

You are immune to sickness and miasma.
Your stone body is resilient. (AC +4)
You are immune to poison.
You resist negative energy. (rN+)
You are resistant to electric shocks. (rElec)
You are resistant to unholy torment.
You are immune to petrification.


Message History

The ball python bites you but does no damage.
The ball python barely misses you.
You hit the ball python.
The ball python is moderately wounded.
The ball python bites you but does no damage.
You block the ball python's attack. The ball python completely misses you.
The ball python grabs you. The ball python constricts you.
You barely miss the ball python.
The ball python is moderately wounded.
You block the ball python's attack. The ball python constricts you.
You block the ball python's attack. The ball python constricts you.
You hit the ball python.
You kill the ball python!
No target in view!
Found a blossoming altar of Fedhas.
A wight comes into view. It is wielding a +5 great sword.
A wight is nearby!
A wight is nearby!
The wight hits you with a +5 great sword.
You barely miss the wight.
The wight hits you with a +5 great sword!!
You are too injured to fight recklessly!
You are too injured to fight recklessly!
You are too injured to fight recklessly!
You are too injured to fight recklessly!
You are too injured to fight recklessly!
You are too injured to fight recklessly!
You are too injured to fight recklessly!
You are too injured to fight recklessly!
You are too injured to fight recklessly!
You are too injured to fight recklessly!
You slash the wight!
The wight is severely damaged.
The wight barely misses you.
You hit the wight but do no damage.
The wight is severely damaged.
The wight hits you with a +5 great sword!
* * * LOW HITPOINT WARNING * * *
The wight hits you with a +5 great sword.
You die...

##... $...#....#
...............
###............
......#.##...#
###....#.##...#
#...~.~.......#
#..~~.~..##...###...
....~_~.....@z......
#...~~~..###....#...
..#~..~.## #....#
........####....#
..#...#...##....# .
. #...###.##....#
.######...#
#.......# ..........
#.###...# ........#
#.# ##


You could see a wight.

Vanquished Creatures
  A scorpion (D:4)
  2 hounds (D:4)
  A gnoll bouda (D:3)
  9 gnolls (D:3)
  3 dart slugs
  2 orcs
  2 ball pythons
  8 bats
  4 endoplasms
  A giant cockroach (D:2)
  3 goblins
  6 hobgoblins
  2 quokkas
  4 frilled lizards
  4 kobolds
  6 rats
58 creatures vanquished.

Vanquished Creatures (others)
  4 plants (D:3)
4 creatures vanquished.

Grand Total: 62 creatures vanquished

Notes
Turn   | Place    | Note
-------+----------+-------------------------------------------
     0 | D:1      | sanboga the Gargoyle Fighter began the quest for the Orb.
     0 | D:1      | Reached XP level 1. HP: 14/14 MP: 1/1
    91 | D:1      | Found Neraol's Jewellery Shoppe.
   128 | D:1      | Reached XP level 2. HP: 14/19 MP: 2/2
   254 | D:1      | Found a faded altar of an unknown god.
   838 | D:1      | Reached XP level 3. HP: 23/23 MP: 3/3
  1426 | D:3      | Reached XP level 4. HP: 14/29 MP: 4/4
  1892 | D:3      | Reached XP level 5. HP: 22/33 MP: 5/5
  2164 | D:3      | Found an ornate altar of the Wu Jian Council.
  2558 | D:4      | Found a staircase to the Ecumenical Temple.
  2585 | Temple   | Entered the Ecumenical Temple
  2820 | D:4      | Reached XP level 6. HP: 25/39 MP: 6/6
  3023 | D:4      | Found a blossoming altar of Fedhas.
  3039 | D:4      | Slain by a wight

Illustrated notes

Levels and vault maps discovered:
D:1:      shiori_arrival_maze, layout_loops_ring, serial_shops, shop,
          basic_ecumenical_altar
D:2:      layout_basic
D:3:      layout_basic, mainiacjoe_overflow_alcove_4, nicolae_grassy_gnolls
D:4:      layout_basic, fedhas_altar_2, temple_pool_b, uniq_ijyb
Temple:   nicolae_temple_figure_zero

Skill      XL: |  1  2  3  4  5 |
---------------+----------------+-----
Axes           | 2 3 |  3.2
Fighting       | 4 |  4.6
Armour         | 4 |  4.6
Shields        | 4 |  4.7

Action                   |  1- 3 |  4- 6 || total
-------------------------+-------+-------++-------
Melee: War axe           |   115 |    76 ||   191
  Use: Potion            |     6 |       ||     6
Armor: Scale mail        |    95 |    33 ||   128
       Skin              |     6 |     4 ||    10
Dodge: Dodged            |    80 |    24 ||   104
Block: Buckler           |    27 |    18 ||    45
